 Dungeon Sprint DCSS version 0.29.1-4-g47bece8355 (webtiles) character file.

Game seed: 11065673127205761564

7658 boopmooplesden the Severer (level 10, -9/110 (111) HPs)
             Began as a Minotaur Berserker on Dec 11, 2022.
             Was a High Priest of Trog.
             Killed from afar by an iron elemental (56 damage)
             ... with an iron shot
             ... in the Dungeon (Sprint II: "The Violet Keep of Menkaure").
             The game lasted 00:05:26 (2271 turns).

boopmooplesden the Severer (Minotaur Berserker)     Turns: 2271, Time: 00:05:27

HP:   -9/110 (111)  AC: 20    Str: 26    XL:     10   Next: 99%
MP:   9/9           EV: 10    Int:  4    God:    Trog [*****.]
Gold: 485           SH:  0    Dex: 10    Spells: 9/9 levels left

rFire   . . .      SeeInvis .   k - +4 battleaxe
rCold   x . .      Faith    .   (shield currently unavailable)
rNeg    + . .      Spirit   .   i - +2 plate armour {rPois}
rPois   +          Reflect  .   (helmet restricted)
rElec   +          Harm     .   (no cloak)
rCorr   .          Rampage  .   F - +0 pair of gloves {Stlth+}
Will    .....      NoTele   +   (no boots)
Stlth   ..........              (no amulet)
HPRegen 0.28/turn               E - ring of Symmetry {Fly rElec rPois rC- rN+}
MPRegen 0.11/turn               (no ring)

@: flying, lightly drained
A: horns 2, retaliatory headbutt
a: Renounce Religion, Berserk, Trog's Hand, Brothers in Arms


You were in the Dungeon.
You worshipped Trog.
Trog was extremely pleased with you.
You visited 1 branch You collected 1655 gold pieces.
You spent 1170 gold pieces at shops.

Inventory:

Hand Weapons
 a - a +0 hand axe
 j - a +0 war axe
 k - a +4 battleaxe (weapon)
 D - a +1 antimagic battleaxe
Missiles
 B - 5 datura-tipped darts (quivered)
 C - 10 poisoned darts
Armour
 b - a +0 animal skin
 i - a +2 plate armour of poison resistance (worn)
 F - a +0 pair of gloves of stealth (worn)
Jewellery
 t - an amulet of guardian spirit
 E - the ring of Symmetry (left hand) {Fly rElec rPois rC- rN+}
   (You bought it in a shop in the Dungeon)

   [ring of positive energy]

   rC:        It makes you vulnerable to cold.
   rElec:     It insulates you from electricity.
   rPois:     It protects you from poison.
   rN:        It protects you from negative energy.
   Fly:       It grants you flight.
Scrolls
 h - 2 scrolls of summoning {unknown}
 l - 2 scrolls of magic mapping {unknown}
 n - 3 scrolls of identify {unknown}
 p - a scroll of vulnerability {unknown}
 q - 2 scrolls of fear {unknown}
 r - a scroll of acquirement {unknown}
 s - a scroll of butterflies {unknown}
 v - 2 scrolls of enchant armour {unknown}
 w - a scroll of silence {unknown}
 y - a scroll of blinking
Potions
 c - a potion of curing
 e - 3 potions of haste
 f - 5 potions of magic
 g - a potion of berserk rage
 m - 3 potions of resistance {unknown}
 o - a potion of attraction {unknown}
 u - a potion of cancellation {unknown}
 x - 3 potions of flight {unknown}
 z - a potion of degeneration {unknown}
 A - a potion of mutation {unknown}


   Skills:
 + Level 17.6 Fighting
 + Level 19.6 Axes
 + Level 15.3 Armour
 + Level 8.2 Dodging
 + Level 2.7 Stealth
 + Level 2.0 Unarmed Combat


You had 9 spell levels left.
You didn't know any spells.
Your spell library was empty.

Dungeon Overview and Level Annotations

Branches:
Dungeon (1/1)

Altars:
Cheibriados
Dithmenos
Elyvilon
Fedhas
Gozag
Hepliaklqana
Kikubaaqudgha
Makhleb
Nemelex Xobeh
Okawaru
Qazlal
Ru
Sif Muna
Trog
Uskayaw
Vehumet
Wu Jian
Xom
Yredelemnul
Zin
The Shining One
Jiyva
Lugonu

Shops:
D ?:([=[!![[?:!(=

Annotations:
D exclusion: oklob plant, Roxanne


Innate Abilities, Weirdness & Mutations

You have a pair of horns on your head.
You reflexively headbutt those who attack you in melee.


Message History

Which direction?
There's a creature in the gateway!
Really fly into a travel-excluded area? [Y]es or [N]o only, please.
Really fly into a travel-excluded area?
Okay, then.
Really fly into a travel-excluded area?
The iron elemental gestures at you.
The spray of metal splinters hits you but does no damage.
You see here an elephant skeleton.
Roxanne casts a spell.
The iron shot hits you but does no damage.
The iron elemental gestures at you. The iron shot hits you!!!
Found 13 gold pieces.
Found 93 gold pieces.
You now have 392 gold pieces (gained 13).
You now have 404 gold pieces (gained 12).
You now have 485 gold pieces (gained 81).
You reach down and open the door.
A necrophage and an iron imp come into view.
The iron imp shouts!
The iron elemental gestures at you. The spray of metal splinters hits you!
Found 3 purple potions.
You slash the necrophage!
The necrophage is heavily damaged.
The necrophage closely misses you.
You barely miss the necrophage.
The necrophage is heavily damaged.
The necrophage hits you but does no damage.
You closely miss the necrophage. Your headbutt misses the necrophage.
The necrophage is heavily damaged.
The necrophage hits you. You partially resist.
You feel drained.
You slash the necrophage!
The necrophage is almost destroyed.
The iron elemental gestures at you. The iron shot hits you!!!
Ouch! That really hurt!
You die...

## #+##..####§####
#.@n5##§§~~§.~##
#..###.§§§~.~~.##
####E.+.~§.§8§~...#
#...####~§~§~~.§§#
#.....~##§§§§~§§#
############~~#§'§#+++##
###########~~~E~~÷§....#
##∩.∩.....#~~~~.##§##..#
##.∩.∩....#~~~~###)###.####


You could see an iron elemental, a necrophage and an iron imp.

Vanquished Creatures
  A kraken (D)
  Kirke (D)
  A yaktaur captain (D)
  A centaur warrior (D)
  A skeletal warrior (D)
  2 deep trolls (D)
  An elephant (D)
  A yaktaur (D)
  A kobold demonologist (D)
  3 polar bears (D)
  A hornet (D)
  2 wyverns (D)
  Menkaure (D)
  5 water moccasins (D)
  4 necrophages (D)
  4 scorpions (D)
  A hell rat (D)
  3 worms (D)
  3 tentacles (D)
37 creatures vanquished.

Vanquished Creatures (others)
  16 tentacles (D)
16 creatures vanquished.

Grand Total: 53 creatures vanquished

Notes
Turn   | Place    | Note
-------+----------+-------------------------------------------
     0 | D        | boopmooplesden the Minotaur Berserker began the quest for
                  | the Orb.
     0 | D        | Reached XP level 1. HP: 19/19 MP: 0/0
     1 | D        | Noticed a wyvern
     1 | D        | Noticed a wyvern
     4 | D        | Noticed a scorpion
     4 | D        | Noticed a scorpion
     4 | D        | Noticed a scorpion
     4 | D        | Noticed a scorpion
     9 | D        | Killed a scorpion
    10 | D        | Reached skill level 6 in Axes
    10 | D        | Reached XP level 2. HP: 31/31 MP: 1/1
    10 | D        | Reached XP level 3. HP: 38/38 MP: 2/2
    14 | D        | Killed a scorpion
    15 | D        | Reached skill level 7 in Axes
    15 | D        | Reached XP level 4. HP: 48/48 MP: 3/3
    20 | D        | Killed a scorpion
    20 | D        | Reached ** piety under Trog
    21 | D        | Reached skill level 9 in Axes
    21 | D        | Reached XP level 5. HP: 43/56 MP: 4/4
    22 | D        | Reached skill level 5 in Armour
   145 | D        | Noticed Menkaure
   152 | D        | Killed Menkaure
   153 | D        | Reached skill level 10 in Fighting
   153 | D        | Reached skill level 10 in Axes
   153 | D        | Reached skill level 5 in Dodging
   153 | D        | Reached XP level 6. HP: 37/67 MP: 5/5
   344 | D        | Killed a wyvern
   345 | D        | Reached skill level 11 in Axes
   349 | D        | Killed a wyvern
   349 | D        | Reached *** piety under Trog
   350 | D        | Reached skill level 12 in Axes
   350 | D        | Reached XP level 7. HP: 72/77 MP: 6/6
   409 | D        | Reached skill level 13 in Axes
   409 | D        | Reached skill level 1 in Stealth
   413 | D        | Reached **** piety under Trog
   510 | D        | Found Goguucin's Book Boutique.
   510 | D        | Found Afifiwn's Antique Weapon Boutique.
   510 | D        | Found Umerioni's Magic Scroll Shop.
   511 | D        | Found Hijum's Jewellery Shop.
   511 | D        | Found Jasevonk's Antique Armour Boutique.
   511 | D        | Found Baklud's Armour Shop.
   511 | D        | Found Hukh's Distillery.
   520 | D        | Found Ociaj's Distillery.
   520 | D        | Found Ughekivebb's Distillery.
   520 | D        | Found Qoofamiu's Antique Armour Boutique.
   520 | D        | Found Nuufut's Jewellery Shop.
   520 | D        | Noticed an ice dragon
   527 | D        | Reached ***** piety under Trog
   530 | D        | Found Toexerch's Antique Armour Boutique.
   530 | D        | Found Becic's Antique Weapon Shop.
   530 | D        | Noticed an oklob plant
   530 | D        | Noticed a wyvern
   530 | D        | Noticed a wyvern
   531 | D        | Found Vuru's Book Shoppe.
   531 | D        | Found Juiw Zou's Magic Scroll Boutique.
   532 | D        | Noticed a wyvern
   535 | D        | Noticed a yak
   536 | D        | Noticed a yak
   536 | D        | Noticed a yak
   538 | D        | Bought a glowing plate armour for 520 gold pieces
   556 | D        | Bought a war axe for 101 gold pieces
   660 | D        | Reached XP level 8. HP: 48/86 MP: 7/7
   752 | D        | Found an iron altar of Okawaru.
   752 | D        | Found a radiant altar of Vehumet.
   752 | D        | Found a glowing silver altar of Zin.
   753 | D        | Found a sparkling altar of Nemelex Xobeh.
   753 | D        | Found a hide-covered altar of Uskayaw.
   753 | D        | Found a basalt altar of Yredelemnul.
   754 | D        | Found an opulent altar of Gozag.
   754 | D        | Found a burning altar of Makhleb.
   754 | D        | Found a bloodstained altar of Trog.
   755 | D        | Found a blossoming altar of Fedhas.
   755 | D        | Found a corrupted altar of Lugonu.
   755 | D        | Found a shimmering blue altar of Sif Muna.
   755 | D        | Found a shimmering altar of Xom.
   756 | D        | Found a white marble altar of Elyvilon.
   756 | D        | Found an ancient bone altar of Kikubaaqudgha.
   756 | D        | Found a sacrificial altar of Ru.
   757 | D        | Found a shadowy altar of Dithmenos.
   757 | D        | Found a viscous altar of Jiyva.
   853 | D        | Found a snail-covered altar of Cheibriados.
   854 | D        | Noticed a polar bear
   854 | D        | Noticed a polar bear
   854 | D        | Noticed a polar bear
   858 | D        | Killed a polar bear
   859 | D        | Reached skill level 14 in Axes
   859 | D        | Noticed a hornet
   863 | D        | Killed a polar bear
   863 | D        | Received a gift from Trog
   867 | D        | Noticed a yaktaur
   867 | D        | Killed a hornet
   868 | D        | Reached skill level 15 in Axes
   873 | D        | Killed a polar bear
   882 | D        | Killed a yaktaur
   883 | D        | Reached XP level 9. HP: 61/96 MP: 8/8
  1019 | D        | Noticed a kraken
  1032 | D        | Reached skill level 16 in Axes
  1033 | D        | Reached skill level 15 in Fighting
  1133 | D        | Found a hazy altar of Hepliaklqana.
  1134 | D        | Found a stormy altar of Qazlal.
  1134 | D        | Found an ornate altar of the Wu Jian Council.
  1143 | D        | Found a glowing golden altar of the Shining One.
  1315 | D        | Killed a kraken
  1316 | D        | Reached skill level 17 in Axes
  1526 | D        | Noticed a deep troll
  1526 | D        | Noticed a deep troll
  1536 | D        | Killed a deep troll
  1536 | D        | Received a gift from Trog
  1537 | D        | Reached XP level 10. HP: 107/107 MP: 9/9
  1548 | D        | Killed a deep troll
  1549 | D        | Reached skill level 18 in Axes
  1620 | D        | Bought the ring of Symmetry {Fly rElec rPois rC- rN+} for
                  | 399 gold pieces
  1627 | D        | Bought a pair of glowing gloves for 150 gold pieces
  1884 | D        | Identified Roxanne's Guide on Metamorphosis
  1884 | D        | Noticed Roxanne
  1891 | D        | Noticed Kirke
  1891 | D        | Noticed a yaktaur captain
  1907 | D        | Killed a yaktaur captain
  1911 | D        | Noticed a lindwurm
  1915 | D        | Noticed an orange demon
  1917 | D        | Noticed a skeletal warrior
  1920 | D        | Killed Kirke
  1921 | D        | Reached skill level 1 in Unarmed Combat
  1922 | D        | Noticed a rust devil
  1924 | D        | Reached skill level 19 in Axes
  1924 | D        | Noticed an elephant
  1924 | D        | Noticed a centaur warrior
  1929 | D        | Killed an elephant
  1930 | D        | HP: 5/111 [poisoned by an orange demon]
  1938 | D        | Killed a skeletal warrior
  1939 | D        | Reached skill level 15 in Armour
  1940 | D        | Killed a centaur warrior
  1940 | D        | Received a gift from Trog
  2245 | D        | Noticed an iron elemental
  2271 | D        | Killed from afar by an iron elemental

Illustrated notes

Levels and vault maps discovered:
D:        the_violet_keep_of_menkaure [sprint2_stairs_cluster_1,
          sprint2_shoproom, sprint2_temple, sprint2_basic_supplies,
          sprint2_obstacle_5, sprint2_obstacle_7, sprint2_obstacle_6,
          sprint2_obstacle_4, sprint2_obstacle_2, sprint2_timed_cluster_1,
          sprint2_smallroom_cluster_1, sprint2_smallroom_final_cluster_1,
          sprint2_transparent_cluster_1, sprint2_second_timed_cluster_1,
          sprint2_sniper_area_1, sprint2_heavy_combat_area_1,
          sprint2_mutation_trap_area_1, sprint2_forest_area_1,
          sprint2_light_combat_area_1, sprint2_behind_water_1,
          sprint2_near_end_vault_1]

Skill      XL: |  1  2  3  4  5  6  7  8  9 10 |
---------------+-------------------------------+-----
Fighting       | 6 7 8 10 12 13 14 15 17 | 17.6
Axes           | 6 7 9 10 12 13 15 17 19 | 19.6
Armour         | 3 4 5 6 8 12 15 | 15.3
Dodging        | 3 4 5 6 7 8 |  8.2
Stealth        | 1 2 |  2.7
Unarmed Combat | 2 |  2.0

Action                   |  1- 3 |  4- 6 |  7- 9 | 10-12 || total
-------------------------+-------+-------+-------+-------++-------
Melee: Hand axe          |     9 |    18 |    25 |       ||    52
       Headbutt          |     2 |     3 |    13 |     8 ||    26
       War axe           |       |       |    44 |       ||    44
       Punch             |       |       |     1 |       ||     1
       Battleaxe         |       |       |    34 |    39 ||    73
       Unarmed           |       |       |       |     6 ||     6
Invok: Berserk           |     1 |     2 |     4 |     1 ||     8
       Brothers in Arms  |       |       |       |     1 ||     1
  Use: Scroll            |       |       |     1 |       ||     1
       Potion            |       |       |       |     3 ||     3
 Stab: Distracted        |       |       |       |     1 ||     1
Armor: Animal skin       |     2 |       |     1 |       ||     3
       Plate armour      |       |       |    39 |    34 ||    73
Dodge: Dodged            |     2 |     3 |    47 |    17 ||    69
